 Dungeon Sprint DCSS version 0.17-a0-1646-geb1493d (webtiles) character file.

1208 nuthulu the Grappler (level 8, -6/132 HPs)
             Began as a Troll Hunter on Aug 10, 2015.
             Engulfed by a cloud of freezing vapour (8 damage)
             ... in the Dungeon (Sprint II: "The Violet Keep of Menkaure").
             The game lasted 00:03:12 (338 turns).

nuthulu the Grappler (Troll Hunter)                  Turns: 338, Time: 00:03:12

Health: -6/132     AC:  8    Str: 26    XL:     8   Next: 21%
Magic:  7/7        EV: 13    Int:  7    God:
Gold:   138        SH:  0    Dex: 12    Spells: 0 memorised, 7 levels left

rFire  . . .     SeeInvis .       - Unarmed
rCold  + . .     Clarity  .     n - +0 robe {rC+}
rNeg   . . .     SustAt   .     (no shield)
rPois  .         Gourm    +     (helmet restricted)
rElec  .         Spirit   .     (no cloak)
rCorr  .         Warding  .     (gloves unavailable)
rMut   .         NoTele   +     (boots unavailable)
MR     .....                    (no amulet)
Stlth  ..........               (no ring)
                                p - +3 ring of protection

@: berserking (expiring), flying, very quick, not resistant to hostile
enchantments, extremely unstealthy
A: unfitting armour, claws 3, fast metabolism 3, gourmand, regeneration 2,
shaggy fur 1, tough skin 2
a: no special abilities


You were in the Dungeon.
You were full.

You visited 1 branch You collected 729 gold pieces.
You spent 591 gold pieces at shops.

Inventory:

Missiles
 a - 2 large rocks (quivered)
 b - 2 throwing nets
Armour
 d - a +0 robe
 n - a +0 robe of cold resistance (worn)
Jewellery
 p - a +3 ring of protection (left claw)
Scrolls
 k - a scroll of blinking
Potions
 h - a potion of haste
 i - 2 potions of magic
 l - a potion of flight
 m - a potion of invisibility
 o - a potion of might
Comestibles
 c - a chunk of flesh
 e - 2 bread rations


   Skills:
 + Level 7.9 Fighting
 + Level 9.1 Throwing
 + Level 7.7 Dodging
 - Level 0.4 Stealth
 + Level 9.2 Unarmed Combat


You had 7 spell levels left.
You didn't know any spells.

Dungeon Overview and Level Annotations

Branches:
Dungeon (1/1)

Altars:

Shops:
D :!(}%[:*[([[!?==

Annotations:
D exclusion: oklob plant


Innate Abilities, Weirdness & Mutations

You are too large for most types of armour.
You have claws for hands.
Your metabolism is lightning-fast.
You like to eat raw meat.
You heal very quickly.
You are covered in fur (AC +1).
You have very tough skin (AC +2).


Message History

Your Unarmed Combat skill increases to level 9!
You have reached level 8!
You are engulfed in freezing vapours.
You resist.
* * * LOW HITPOINT WARNING * * *
The ice beast disappears in a puff of smoke! x3
You are engulfed in freezing vapours.
You resist.
* * * LOW HITPOINT WARNING * * *
b - 2 throwing nets (gained 1);
a - 2 large rocks Unknown command.
Really fly into that cloud of freezing vapour?
Okay, then.
You feel a strong urge to attack something.
You are engulfed in freezing vapours.
You resist.
* * * LOW HITPOINT WARNING * * *
You are engulfed in freezing vapours.
You resist.
* * * LOW HITPOINT WARNING * * *
The gate flies open with a bang!
You feel your anger subside.
You are engulfed in freezing vapours.
You resist.
You die... #....∩.∩.#≈#.#.##.##...#... ▓▓▓▓▓▓▓###≈##.###+###.##... #$.$######≈≈### B#B

###≈≈.. #$!l#!
##≈≈≈#.. ..
≈≈≈§≈§ #∩P=+$
#+#≈##.
.##≈≈≈≈≈§
#$$.#(#
#≈≈##+##≈≈≈≈≈≈§
#$.$ ##
##≈≈≈≈≈§§≈§≈≈≈§
##+#
#'''#§§§#≈≈≈≈≈
##§§@§§§§## §§#
##§§§§§§§§§## #
+≈§≈§§§≈§§§§+
##§§≈§≈≈≈≈§##
##≈§§§≈≈≈##
####+####


There were no monsters in sight!

Vanquished Creatures
  An ice statue (D)
  Menkaure (D)
  2 hippogriffs (D)
  4 necrophages (D)
  3 worms (D)
11 creatures vanquished.

Notes
Turn   | Place    | Note
--------------------------------------------------------------
     0 | D        | nuthulu the Troll Hunter began the quest for the Orb.
     0 | D        | Reached XP level 1. HP: 19/19 MP: 0/0
     4 | D        | Noticed a hippogriff
     4 | D        | Noticed a hippogriff
    12 | D        | Noticed a boulder beetle
    12 | D        | Noticed a boulder beetle
    15 | D        | Noticed a necrophage
    15 | D        | Noticed a necrophage
    15 | D        | Noticed a necrophage
    15 | D        | Noticed a necrophage
    19 | D        | Killed a necrophage
    19 | D        | Reached skill level 5 in Throwing
    19 | D        | Reached XP level 2. HP: 16/30 MP: 1/1
    19 | D        | Reached XP level 3. HP: 19/37 MP: 2/2
    19 | D        | Reached XP level 4. HP: 23/46 MP: 3/3
    20 | D        | Killed a necrophage
    20 | D        | Reached skill level 6 in Throwing
    20 | D        | Reached skill level 5 in Unarmed Combat
    20 | D        | Reached XP level 5. HP: 25/53 MP: 4/4
    25 | D        | Killed a necrophage
    25 | D        | Reached skill level 5 in Fighting
    25 | D        | Reached skill level 5 in Dodging
    30 | D        | Killed a necrophage
    30 | D        | Reached skill level 7 in Throwing
    30 | D        | Reached XP level 6. HP: 24/64 MP: 5/5
   144 | D        | Killed a hippogriff
   150 | D        | Killed a hippogriff
   150 | D        | Reached skill level 8 in Throwing
   150 | D        | Reached XP level 7. HP: 39/73 MP: 6/6
   227 | D        | Found Yrosmit's Assorted Antiques.
   227 | D        | Found Oxish's Antique Armour Shoppe.
   227 | D        | Found Oquhok's Magic Scroll Shoppe.
   227 | D        | Found Haegg's Book Emporium.
   227 | D        | Found Aseshet's Jewellery Shoppe.
   227 | D        | Found Levvu's Antique Armour Emporium.
   228 | D        | Found Wualomp's Jewellery Emporium.
   228 | D        | Found Peah's Antique Weapon Shoppe.
   228 | D        | Found Puj Fiduo's Armour Emporium.
   228 | D        | Found Yttix's Food Shoppe.
   228 | D        | Found Lengui Dojol's Gadget Emporium.
   229 | D        | Found Joten's Antique Weapon Shoppe.
   229 | D        | Found Murroduc's Distillery.
   230 | D        | Found Zaoshray's Distillery.
   230 | D        | Found Jaxtu's Antique Armour Emporium.
   231 | D        | Noticed Menkaure
   231 | D        | Noticed an oklob plant
   232 | D        | Found Teffis's Book Shoppe.
   234 | D        | Noticed a wyvern
   235 | D        | Noticed a wyvern
   241 | D        | Killed Menkaure
   253 | D        | Bought a potion of heal wounds for 60 gold pieces
   253 | D        | Bought a potion of flight for 36 gold pieces
   253 | D        | Bought a potion of invisibility for 96 gold pieces
   259 | D        | Bought a glowing robe for 21 gold pieces
   272 | D        | Bought a potion of might for 48 gold pieces
   272 | D        | Bought a potion of flight for 36 gold pieces
   281 | D        | Bought a +3 ring of protection for 294 gold pieces
   291 | D        | Noticed a flying skull
   293 | D        | Noticed a flying skull
   294 | D        | Noticed a flying skull
   294 | D        | Noticed a flying skull
   294 | D        | Noticed a flying skull
   296 | D        | Noticed a flying skull
   297 | D        | Noticed a flying skull
   308 | D        | Noticed an ice statue
   333 | D        | Killed an ice statue
   333 | D        | Reached skill level 9 in Throwing
   333 | D        | Reached XP level 8. HP: 19/88 MP: 7/7
   336 | D        | HP: 4/132 [something (7)]
   338 | D        | Engulfed by a cloud of freezing vapour

Vault maps used:
D:        the_violet_keep_of_menkaure

Action                   |  1- 3 |  4- 6 |  7- 9 || total
-------------------------+-------+-------+-------++-------
Melee: Unarmed           |       |    24 |     8 ||    32
Throw: Large rock        |     3 |     3 |     5 ||    11
       Throwing net      |       |       |     1 ||     1
  Use: Potion            |       |       |     5 ||     5
  Eat: Chunk             |       |     3 |     3 ||     6
